 Dungeon Crawl Stone Soup version 0.26.1-11-gd32895ea62 (webtiles) character file.

Game seed: 17718672887821952959

320 summerfriday the Stinger (level 6, -7/44 HPs)
             Began as a Demonspawn Venom Mage on July 5, 2021.
             Shot with an arrow by a centaur (8 damage)
             ... on level 5 of the Dungeon.
             The game lasted 00:07:12 (5165 turns).

summerfriday the Stinger (Demonspawn Venom Mage)    Turns: 5165, Time: 00:07:12

Health: -7/44      AC:  2    Str:  8 (10) XL:     6   Next: 22%
Magic:  9/9        EV: 12    Int: 21 (23) God:
Gold:   204        SH:  0    Dex: 12 (13) Spells: 4/9 levels left

rFire    + . .     SeeInvis .     - Unarmed
rCold    . . .     Faith    .   (no shield)
rNeg     . . .     Spirit   .   o - +0 robe (curse)
rPois    .         Reflect  .   (helmet restricted)
rElec    .         Harm     .   (no cloak)
rCorr    .         Rampage  .   (no gloves)
Will     .....                  (no boots)
Stlth    ++........             (no amulet)
HPRegen  0.14/turn              l - +6 ring of intelligence
MPRegen  0.11/turn              e - ring of protection from fire

@: no status effects
A: claws 1, horns 2, talons 1, powered by death 1
a: no special abilities


You were on level 5 of the Dungeon.
You visited 1 branch of the dungeon, and saw 5 of its levels.

You collected 222 gold pieces.
You spent 18 gold pieces at shops.

Inventory:

Armour
 o - a cursed +0 robe (worn)
Jewellery
 e - a ring of protection from fire (right claw)
 l - a +6 ring of intelligence (left claw)
Wands
 p - a wand of iceblast (11)
Scrolls
 a - a scroll of amnesia {unknown}
 d - a scroll of remove curse
 g - 3 scrolls of teleportation
 k - 3 scrolls of identify
 q - a scroll of magic mapping {unknown}
Potions
 b - a potion of magic
 h - a potion of cancellation {unknown}
 i - 2 potions of invisibility {unknown}
 j - 2 potions of berserk rage {unknown}
 m - a potion of mutation {unknown}
 n - a potion of haste


   Skills:
 - Level 2.0 Fighting
 - Level 1.7 Dodging
 - Level 1.7 Stealth
 + Level 2.7 Unarmed Combat
 - Level 2.0 Spellcasting
 - Level 0.8 Transmutations
 - Level 5.7 Poison Magic


You had 4 spell levels left.
You knew the following spells:

 Your Spells              Type           Power        Failure   Level
a - Sting                 Tmut/Pois      60%          3%          1
b - Olgreb's Toxic Radia  Pois           26%          14%         4

Your spell library contained the following spells:

 Spells                   Type           Power        Failure   Level
 Poisonous Vapours        Pois/Air       28%          7%          2
 Animate Skeleton         Necr           4%           14%         1
 Apportation              Tloc           4%           14%         1
 Corona                   Hex            2%           14%         1
 Summon Small Mammal      Summ           8%           14%         1
 Ignite Poison            Fire/Tmut/Pois 11%          19%         3
 Mephitic Cloud           Conj/Pois/Air  10%          21%         3
 Ensorcelled Hibernation  Hex/Ice        4%           22%         2
 Confusing Touch          Hex            2%           41%         3
 Dazzling Flash           Conj/Hex       4%           41%         3
 Tukima's Dance           Hex            2%           41%         3


Dungeon Overview and Level Annotations

Branches:
Dungeon (5/15)
 Temple: D:4-7

Altars:
Ashenzari

Shops:
D:4 *

Annotations:
D:3 exclusion: wight


Innate Abilities, Weirdness & Mutations

You have sharp fingernails.
You have a pair of horns on your head.
You have sharp toenails.
You regenerate a little health from kills.


Message History

You scratch the centaur. You claw the centaur.
The centaur is moderately wounded.
The centaur hits you.
* * * LOW HITPOINT WARNING * * *
Casting: Sting (safe; 3% risk of failure)
Confirm with . or Enter, or press ? or * to list all spells.
Okay, then.
Unknown command.
It was a potion of magic.
Magic courses through your body. The centaur hits you.
* * * LOW HITPOINT WARNING * * *
It was a potion of degeneration.
There was something very wrong with that liquid.
You feel weakened.
You feel dopey.
You feel clumsy. The centaur closely misses you. The centaur hits you!
* * * LOW HITPOINT WARNING * * *
Okay, then.
The centaur wields a +0 shortbow.
The centaur shoots an arrow.
The arrow hits you!
You die...

##.....#.## .#
#.#...###.# .#
##.#.###.## .####.#
......#..####.......
#.###.#.......# ..
#..##.###.# #.###(#
#.# ....$..###(####
... ..#.@.(...### ..
...#.#(o.....#
....#.#c..>.#!#
.....#.#.###.# #
#.... .# ###.# # #.#
#.. ...


You could see a centaur and an orc.

Vanquished Creatures
  An orc wizard (D:4)
  An orc priest (D:4)
  Terence (D:2)
  3 worker ants (D:4)
  A hound zombie (D:4)
  5 adders (D:3)
  A howler monkey skeleton (D:4)
  An ufetubus (D:5)
  An ooze (D:1)
  5 leopard geckos
  5 orcs
  12 bats
  3 giant cockroaches
  10 goblins
  8 hobgoblins
  4 jackals (D:3)
  5 quokkas
  3 frilled lizards
  A jackal skeleton (D:4)
  6 kobolds
  A leopard gecko skeleton (D:4)
  3 rats
81 creatures vanquished.

Notes
Turn   | Place    | Note
-------+----------+-------------------------------------------
     0 | D:1      | summerfriday the Demonspawn Venom Mage began the quest for
                  | the Orb.
     0 | D:1      | Reached XP level 1. HP: 13/13 MP: 3/3
   314 | D:1      | Gained mutation: You have sharp toenails. [demonic
                  | ancestry]
   314 | D:1      | Reached XP level 2. HP: 19/19 MP: 3/5
   532 | D:1      | Reached skill level 4 in Poison Magic
  1103 | D:2      | Gained mutation: You have a pair of small horns on your
                  | head. [demonic ancestry]
  1103 | D:2      | Reached XP level 3. HP: 23/24 MP: 6/6
  1926 | D:2      | Noticed Terence
  1934 | D:2      | Killed Terence
  1935 | D:2      | Gained mutation: You regenerate a little health from kills.
                  | [demonic ancestry]
  1935 | D:2      | Reached XP level 4. HP: 30/30 MP: 2/7
  2064 | D:2      | Learned a level 4 spell: Olgreb's Toxic Radiance
  2182 | D:3      | Reached skill level 5 in Poison Magic
  2304 | D:3      | Found a broken altar of Ashenzari.
  3402 | D:4      | Gained mutation: You have sharp fingernails. [demonic
                  | ancestry]
  3402 | D:4      | Reached XP level 5. HP: 35/35 MP: 8/8
  3452 | D:4      | Reached skill level 1 in Unarmed Combat
  4077 | D:4      | Reached skill level 1 in Fighting
  4144 | D:4      | Found Joch's Assorted Antiques.
  4158 | D:4      | Bought a ruby potion for 18 gold pieces
  4760 | D:4      | Gained mutation: You have a pair of horns on your head.
                  | [demonic ancestry]
  4760 | D:4      | Reached XP level 6. HP: 43/44 MP: 5/9
  5046 | D:5      | Entered Level 5 of the Dungeon
  5164 | D:5      | HP: 1/44 [centaur (7)]
  5165 | D:5      | Shot with an arrow by a centaur

Illustrated notes

Levels and vault maps discovered:
D:1:      lightli_arrival_isolated_outpost, layout_basic, grunt_decor_junction
D:2:      layout_loops_cross, uniq_terence
D:3:      layout_basic, ashenzari_altar_1
D:4:      layout_basic, serial_shops, shop_statue
D:5:      corexii_shack_village, layout_loops_cross,
          makhleb_blood_cavern_becter, basic_altar

Skill      XL: |  1  2  3  4  5 |
---------------+----------------+-----
Poison Magic   | 4 5 |  5.7
Unarmed Combat | 2 |  2.7
Fighting       | 2 |  2.0
Dodging        | |  1.7
Stealth        | |  1.7
Spellcasting   | |  2.0
Transmutations | |  0.8

Action                   |  1- 3 |  4- 6 || total
-------------------------+-------+-------++-------
Melee: Unarmed           |    41 |    74 ||   115
       Kick              |     8 |    21 ||    29
       Headbutt          |     3 |     3 ||     6
 Cast: Sting             |    45 |    53 ||    98
       Olgreb's Toxic Ra |       |     2 ||     2
  Use: Scroll            |     1 |     3 ||     4
       Potion            |       |     3 ||     3
 Stab: Sleeping          |     2 |     3 ||     5
Armor: Robe              |    19 |    15 ||    34
Dodge: Dodged            |    72 |    78 ||   150
